 Dungeon Crawl Stone Soup version 0.23-a0-448-g1c01f63 (webtiles) character file.

49 galech the Skirmisher (level 3, -2/29 HPs)
             Began as a Demonspawn Fighter on Nov 19, 2018.
             Slain by an ogre
             ... wielding a +0 giant club
              (24 damage)
             ... on level 2 of the Dungeon.
             The game lasted 00:01:35 (1062 turns).

galech the Skirmisher (Demonspawn Fighter)          Turns: 1062, Time: 00:01:35

Health: -2/29      AC:  6    Str: 16    XL:     3   Next: 53%
Magic:  0/3        EV:  7    Int:  9    God:
Gold:   86         SH:  9    Dex: 13    Spells: 2/2 levels left

rFire    . . .     SeeInvis .   a - +0 war axe
rCold    . . .     Gourm    .   c - +0 shield
rNeg     . . .     Faith    .   b - +0 scale mail
rPois    .         Spirit   +   (no helmet)
rElec    .         Reflect  .   (no cloak)
rCorr    .         Harm     .   (no gloves)
MR       .....                  (no boots)
Stlth    ..........             i - amulet of guardian spirit
HPRegen  0.09/turn              (no ring)
MPRegen  0.08/turn              (no ring)

@: no status effects
A: foul stench 1, rot immunity
a: no special abilities


You were on level 2 of the Dungeon.
You were not hungry.

You visited 1 branch of the dungeon, and saw 2 of its levels.

You collected 86 gold pieces.

Inventory:

Hand Weapons
 a - a +0 war axe (weapon)
Armour
 b - a +0 scale mail (worn)
 c - a +0 shield (worn)
Jewellery
 i - an amulet of guardian spirit (around neck)
Scrolls
 e - 4 scrolls of identify {unknown}
 g - a scroll of teleportation {unknown}
 j - a scroll of enchant weapon {unknown}
 k - 3 scrolls of immolation {unknown}
 l - 3 scrolls of amnesia {unknown}
 m - 2 scrolls of fear {unknown}
 n - 2 scrolls of remove curse {unknown}
Potions
 d - a potion of might
 o - a potion of flight {unknown}
 p - a potion of cancellation {unknown}
Comestibles
 f - 5 rations
 h - 3 chunks of flesh


   Skills:
 + Level 3.2 Fighting
 + Level 2.5 Axes
 + Level 2.9 Armour
 + Level 0.4 Dodging
 + Level 3.2 Shields


You had 2 spell levels left.
You didn't know any spells.
Your spell library was empty.

Dungeon Overview and Level Annotations

Branches:
Dungeon (2/15)

Altars:
Dithmenos


Innate Abilities, Weirdness & Mutations

You may emit foul miasma when damaged in melee.
You are immune to rotting.


Message History

No target in view!
No target in view!
No target in view!
No target in view!
No target in view!
No target in view!
No target in view!
No target in view!
No target in view!
No target in view!
No target in view!
No target in view!
No target in view!
Found a whip.
The ogre hits you with a +0 giant club!
There is a stone staircase leading down here.
You completely miss the ogre.
The ogre hits you with a +0 giant club!!
Ouch! That really hurt!
You die...

####.# #.##.# .....#
#.##.## ....## #.#...#
##..######.#.#.#
.#.†##...#.#.#.####
...÷##.#.....#...(###.#
#...##.#..#######.)..#
....##.#.... #....###.#
.#..##.#...#.#.#@.#
##..##.###.. #.O..#
....##.#####.).##.#
##............. #.#
###..########## #.#
#..# ... #..# ### #..#
#..#


You could see an ogre.

Vanquished Creatures
  An ooze (D:1)
  A worm (D:2)
  A dart slug (D:2)
  5 bats
  A giant cockroach (D:1)
  4 goblins
  6 hobgoblins
  3 jackals (D:1)
  A quokka (D:2)
  A ball python (D:2)
  2 frilled lizards
  6 kobolds
  6 rats
38 creatures vanquished.

Notes
Turn   | Place    | Note
-------+----------+-------------------------------------------
     0 | D:1      | galech the Demonspawn Fighter began the quest for the Orb.
     0 | D:1      | Reached XP level 1. HP: 18/18 MP: 1/1
   131 | D:1      | Gained mutation: You are immune to rotting. [demonic
                  | ancestry]
   131 | D:1      | Reached XP level 2. HP: 21/24 MP: 2/2
   493 | D:1      | Gained mutation: You may emit foul miasma when damaged in
                  | melee. [demonic ancestry]
   493 | D:1      | Reached XP level 3. HP: 26/29 MP: 3/3
   951 | D:2      | Found a shadowy altar of Dithmenos.
  1058 | D:2      | Noticed an ogre
  1062 | D:2      | Slain by an ogre

Vault maps used:
D:1:      dpeg_arrival_pits
D:2:      lemuel_round_altar, uniq_terence

Skill      XL: |  1 |
---------------+----+-----
Axes           | 2 |  2.5
Shields        | 3 |  3.2
Fighting       | |  3.2
Armour         | |  2.9
Dodging        | |  0.4

Action                   || total
-------------------------++-------
Melee: War axe           ||   112
  Use: Potion            ||     1
  Eat: Chunk             ||     1
Armor: Scale mail        ||    53
Dodge: Dodged            ||    30
Block: Shield            ||    60

Table legend:
 A = Non-vault XP
 B = Vault XP
 C = Vault XP percentage of total XP
 D = Non-vault monster count
 E = Vault monster count
 F = Vault count percentage of total count
                 A         B        C        D         E       F
            +---------+---------+-------+---------+---------+-------
      Total |      71 |       0 |   0.0 |      38 |       0 |   0.0
            +---------+---------+-------+---------+---------+-------
        D:1 |      42 |       0 |   0.0 |      24 |       0 |   0.0
        D:2 |      29 |       0 |   0.0 |      14 |       0 |   0.0
            +---------+---------+-------+---------+---------+-------
